Map: Lightshade LE

Players

Dark - Winner!

  • Race: Zerg Zerg

Probe

  • Race: Protoss Protoss

Event: DreamHack SC2 Masters 2021 Fall

VOD

Have the link to the VOD?

Description

Time

  • Played on: Sept. 9, 2021, 9:21 a.m.
  • Length: 12:13

All games in this series

Show
View Real Time Build Order
Export as new Build Order

Dark Zerg - Winner!

Build Orders: Hatch First 

Get SALT Encoding   

  12  0:00  Drone  
  13  0:12  Overlord  
  13  0:16  Drone  
  14  0:30  Drone x2  
  16  0:36  Drone  
  17  0:47  Drone  
  18  0:59  Drone, Hatchery  
  18  1:01  Extractor  
  17  1:13  Spawning Pool  
  17  1:16  Drone  
  17  1:18  Drone  
  18  1:30  Drone  
  19  1:39  Drone  
  20  1:50  Drone  
  20  1:53  Hatchery  
  20  2:00  Zergling x2  
  21  2:11  Queen  
  21  2:12  Drone  
  21  2:14  Queen  
  26  2:21  Overlord  
  26  2:23  Drone  
  26  2:26  Drone  
  28  2:40  Drone x2  
  30  2:44  Drone x2  
  30  2:47  Queen  
  30  2:49  Metabolic Boost  
  34  2:54  Zergling x2  
  35  3:01  Drone  
  36  3:11  Drone x2  
  37  3:13  Drone  
  37  3:16  Queen, Overlord  
  37  3:19  Overlord  
  40  3:21  Drone  
  41  3:33  Overlord  
  41  3:35  Drone  
  41  3:36  Drone x3  
  41  3:38  Drone  
  41  3:39  Drone  
  41  3:40  Evolution Chamber  
  46  3:48  Zergling x2  
  46  3:49  Zergling x4  
  46  3:50  Drone  
  46  3:51  Queen  
  52  3:58  Drone x2  
  52  3:59  Drone x2  
  52  4:00  Drone  
  57  4:07  Zerg Melee Weapons Level 1, Spore Crawler  
  57  4:08  Drone x2  
  57  4:09  Spore Crawler  
  57  4:13  Overlord  
  57  4:15  Drone  
  58  4:17  Overlord  
  58  4:20  Overlord  
  58  4:24  Overlord  
  58  4:26  Overlord  
  58  4:32  Baneling Nest, Drone x3  
  58  4:34  Drone  
  58  4:35  Drone  
  58  4:36  Drone  
  63  4:42  Drone x3  
  63  4:43  Extractor  
  65  4:52  Overlord  
  65  4:53  Queen x2  
  65  4:54  Drone x2  
  65  4:59  Queen  
  73  5:01  Drone  
  74  5:09  Overlord  
  74  5:12  Zergling x6, Hatchery  
  76  5:14  Zergling x6  
  76  5:17  Zergling x2  
  76  5:18  Zergling x4  
  76  5:21  Zergling x4  
  84  5:25  Zergling x8  
  88  5:32  Queen x2  
  92  5:35  Queen  
  92  5:42  Zergling x8  
  98  5:44  Zergling x4  
  98  5:48  Zergling x8  
  103  5:53  Baneling  
  103  5:54  Baneling x13  
  103  5:57  Zergling x6  
  103  6:01  Zergling x6  
  103  6:02  Baneling  
  109  6:08  Zergling x10  
  98  6:26  Zergling x18  
  98  6:32  Queen x2  
  106  6:33  Lair  
  106  6:36  Drone x4  
  107  6:49  Drone x4  
  107  6:51  Zerg Ground Armor Level 1  
  107  6:53  Extractor  
  112  6:54  Extractor  
  112  6:57  Drone x3  
  112  6:59  Drone  
  115  7:07  Drone x3  
  120  7:08  Evolution Chamber  
  120  7:12  Spore Crawler  
  120  7:14  Extractor  
  120  7:15  Extractor  
  116  7:20  Drone x3  
  113  7:28  Hatchery  
  113  7:29  Drone x3  
  115  7:34  Zerg Melee Weapons Level 2, Drone x3, Hydralisk Den  
  115  7:36  Drone x3, Overlord  
  115  7:37  Overlord x2  
  120  7:40  Overlord  
  120  7:42  Overlord  
  120  7:44  Extractor  
  120  7:45  Extractor  
  120  7:46  Overlord  
  119  7:51  Overlord  
  119  7:52  Centrifical Hooks  
  119  7:57  Hatchery  
  116  7:59  Drone x3  
  116  8:00  Drone x2  
  116  8:01  Drone  
  116  8:03  Drone x2  
  116  8:04  Drone x6  
  130  8:07  Grooved Spines  
  130  8:08  Hydralisk x3  
  130  8:10  Hydralisk  
  130  8:12  Hydralisk  
  138  8:14  Hydralisk  
  138  8:18  Hydralisk x2  
  146  8:24  Hydralisk x3  
  150  8:32  Drone x2, Evolution Chamber, Infestation Pit  
  150  8:33  Extractor  
  149  8:39  Hydralisk x4  
  149  8:41  Zergling x4  
  159  8:44  Overseer  
  159  8:46  Zergling x6  
  159  8:47  Zergling x4  
  164  8:50  Zerg Missile Weapons Level 1  
  164  9:01  Drone x4  
  168  9:05  Zerg Ground Armor Level 2  
  168  9:06  Hydralisk  
  168  9:07  Hydralisk  
  168  9:08  Zergling x4  
  168  9:09  Zergling x18  
  183  9:15  Hive  
  183  9:18  Muscular Augments  
  183  9:24  Zergling x10  
  183  9:29  Overlord x2  
  183  9:30  Overlord x2  
  187  9:44  Overlord  
  187  9:48  Hydralisk x6  
  187  9:51  Zergling x2  
  200  9:54  Spore Crawler  
  199  10:04  Baneling x2  
  199  10:05  Baneling x29  
  198  10:07  Zergling x2  
  199  10:20  Pathogen Glands  
  199  10:35  Adrenal Glands  
  199  10:37  Baneling x2  
  199  10:38  Baneling  
  199  10:39  Baneling x2  
  199  10:40  Baneling  
  199  10:46  Zergling x2  
  193  10:56  Viper x2  
  167  11:01  Zergling x6  
  167  11:02  Zergling x64  
  189  11:28  Zergling x2  
  189  11:29  Zergling x12  
  189  11:30  Extractor  
  189  11:31  Extractor, Drone x5  
  189  11:32  Drone x2  
  199  11:35  Drone  
  198  11:40  Hatchery  
  198  11:46  Ultralisk Cavern  
  188  11:47  Zergling x26  
Show
View Real Time Build Order
Export as new Build Order

Probe Protoss 

Build Orders: 1 Gate Expand, Oracle Opening 

Get SALT Encoding   

  12  0:00  Probe  
  13  0:12  Probe  
  14  0:20  Pylon  
  14  0:25  Probe  
  15  0:38  Probe (Chrono Boost)  
  16  0:44  Gateway  
  16  0:47  Probe (Chrono Boost)  
  17  0:52  Probe (Chrono Boost)  
  17  0:56  Assimilator  
  18  1:04  Probe  
  19  1:16  Probe  
  20  1:26  Nexus  
  21  1:36  Cybernetics Core  
  20  1:40  Probe  
  21  1:47  Assimilator  
  21  1:52  Probe  
  22  1:55  Pylon  
  22  2:04  Probe  
  23  2:10  Adept (Chrono Boost)  
  23  2:12  Probe  
  25  2:20  Probe  
  26  2:25  Stargate  
  27  2:33  Adept, Probe (Chrono Boost)  
  30  2:38  Probe (Chrono Boost)  
  30  2:41  Warp Gate  
  32  2:48  Probe x2 (Chrono Boost)  
  33  2:53  Probe (Chrono Boost)  
  33  2:55  Probe  
  34  3:03  Void Ray (Chrono Boost)  
  34  3:05  Probe  
  34  3:07  Probe  
  39  3:17  Probe  
  39  3:19  Probe  
  41  3:29  Probe  
  41  3:31  Probe  
  41  3:32  Pylon  
  43  3:34  Gateway  
  43  3:41  Probe  
  44  3:43  Probe  
  45  3:49  Oracle (Chrono Boost)  
  45  3:53  Probe  
  50  3:55  Probe  
  50  3:59  Nexus  
  50  4:00  Pylon  
  50  4:05  Probe  
  50  4:07  Probe  
  52  4:10  Assimilator  
  52  4:11  Assimilator  
  52  4:17  Stargate, Probe  
  52  4:19  Probe  
  54  4:29  Probe  
  55  4:32  Probe  
  56  4:40  Protoss Air Weapons Level 1 (Chrono Boost)  
  56  4:41  Forge, Probe  
  56  4:44  Probe  
  58  4:46  Pylon  
  58  4:53  Probe  
  58  4:56  Probe  
  58  4:58  Void Ray (Chrono Boost)  
  60  5:05  Void Ray (Chrono Boost)  
  60  5:06  Probe  
  69  5:08  Shield Battery, Probe  
  69  5:11  Shield Battery  
  69  5:13  Probe  
  71  5:16  Photon Cannon  
  71  5:17  Photon Cannon  
  71  5:18  Probe  
  71  5:20  Probe  
  73  5:25  Void Ray (Chrono Boost), Probe  
  74  5:30  Probe  
  74  5:32  Probe  
  80  5:35  Void Ray (Chrono Boost)  
  80  5:36  Pylon  
  80  5:37  Probe  
  85  5:47  Pylon, Photon Cannon  
  85  5:52  Shield Battery  
  85  5:54  Photon Cannon  
  85  5:55  Void Ray  
  85  6:01  Shield Battery  
  85  6:03  Shield Battery  
  89  6:06  Shield Battery  
  89  6:09  Void Ray, Probe  
  90  6:17  Probe x2  
  96  6:21  Probe  
  96  6:23  Shield Battery  
  96  6:25  Shield Battery  
  93  6:29  Zealot, Probe  
  93  6:30  Probe  
  93  6:32  Shield Battery  
  92  6:34  Probe  
  91  6:40  Void Ray (Chrono Boost)  
  91  6:41  Shield Battery, Probe  
  91  6:42  Pylon, Probe  
  93  6:49  Shield Battery  
  93  6:51  Shield Battery  
  92  6:59  Pylon  
  91  7:03  Pylon  
  91  7:11  Robotics Facility  
  91  7:14  Pylon  
  91  7:20  Pylon  
  91  7:24  Pylon  
  91  7:32  Void Ray x2, Probe (Chrono Boost)  
  92  7:39  Probe (Chrono Boost)  
  92  7:40  Nexus  
  102  7:44  Pylon, Probe (Chrono Boost)  
  102  7:45  Sentry  
  102  7:46  Sentry  
  102  7:49  Probe (Chrono Boost)  
  107  7:51  Probe (Chrono Boost)  
  108  8:00  Observer (Chrono Boost), Robotics Bay  
  108  8:04  Probe x2  
  111  8:06  Shield Battery  
  111  8:09  Shield Battery, Void Ray  
  111  8:13  Observer (Chrono Boost)  
  111  8:16  Probe  
  117  8:22  Pylon  
  117  8:23  Pylon  
  117  8:27  Shield Battery  
  117  8:28  Shield Battery  
  117  8:34  Void Ray  
  117  8:38  Probe  
  117  8:40  Probe  
  123  8:42  Assimilator  
  123  8:45  Disruptor (Chrono Boost)  
  123  8:47  Assimilator  
  123  8:52  Pylon, Probe x2  
  128  8:56  Pylon  
  128  9:01  Pylon, Fleet Beacon  
  128  9:07  Probe  
  128  9:08  Photon Cannon  
  129  9:12  Probe  
  129  9:13  Probe  
  129  9:14  Pylon  
  129  9:15  Disruptor  
  134  9:19  Probe  
  134  9:20  Void Ray  
  135  9:24  Probe  
  135  9:25  Probe  
  141  9:31  Probe  
  141  9:32  Pylon  
  141  9:35  Pylon  
  141  9:36  Probe  
  141  9:38  Probe  
  144  9:49  Flux Vanes  
  144  9:51  Disruptor, Stargate  
  147  9:53  Void Ray  
  147  9:55  Photon Cannon  
  147  9:57  Photon Cannon  
  151  10:09  Nexus  
  151  10:10  Pylon  
  151  10:17  Twilight Council  
  151  10:21  Void Ray  
  155  10:30  Shield Battery  
  155  10:31  Shield Battery  
  155  10:32  Disruptor, Void Ray  
  155  10:34  Shield Battery  
  155  10:35  Photon Cannon  
  158  10:42  Sentry  
  153  10:55  Probe x2 (Chrono Boost)  
  153  10:56  Probe (Chrono Boost)  
  109  11:07  Probe x2 (Chrono Boost)  
  109  11:08  Probe (Chrono Boost)  
  109  11:10  Templar Archives  
  112  11:12  Probe x3 (Chrono Boost)  
  112  11:13  Adept  
  112  11:14  Adept  
  111  11:21  Probe x2 (Chrono Boost)  
  111  11:22  Probe (Chrono Boost)  
  114  11:28  Probe (Chrono Boost)  
  117  11:33  Probe (Chrono Boost)  
  117  11:34  Probe x2 (Chrono Boost)  
  117  11:35  Zealot  
  117  11:36  Zealot  
  117  11:39  Probe x3 (Chrono Boost)  
  115  11:47  Probe  
  115  11:49  Probe  
  117  12:00  High Templar x2  
  122  12:01  Probe x2  
  122  12:05  Archon  

Tags
 
Add a new tag
Caveats
  • Supply blocks, unpowered buildings, or Contaminate may cause inaccurate times.
  • Supply counts are checked every 10 seconds.